 Dungeon Crawl Stone Soup version 0.22-a0-160-gcc81d7a (webtiles) character file.

88 KristoblXynda the Sneak (level 4, 0/34 HPs)
             Began as a Vampire Monk on Feb 10, 2018.
             Slain by a frilled lizard (3 damage)
             ... on level 2 of the Dungeon.
             The game lasted 00:04:45 (1884 turns).

KristoblXynda the Sneak (Vampire Monk)              Turns: 1884, Time: 00:04:46

Health: 0/34       AC:  3    Str: 11    XL:     4   Next: 29%
Magic:  4/4        EV: 14    Int: 12    God:
Gold:   78         SH:  0    Dex: 16    Spells: 3/3 levels left

rFire    . . .     SeeInvis +   a - +0 falchion
rCold    . . .     Gourm    .   (no shield)
rNeg     + . .     Faith    .   b - +0 robe
rPois    .         Spirit   .   (no helmet)
rElec    .         Reflect  .   (no cloak)
rCorr    .         Harm     .   f - +0 pair of gloves
MR       .....                  (no boots)
Stlth    +++.......             (no amulet)
HPRegen  0.11/turn              (no ring)
MPRegen  0.09/turn              (no ring)

@: no status effects
A: fangs 3, see invisible, unbreathing
a: Bat Form


You were on level 2 of the Dungeon.
You were not thirsty.

You visited 1 branch of the dungeon, and saw 2 of its levels.

You collected 78 gold pieces.

Inventory:

Hand Weapons
 a - a +0 falchion (weapon)
Armour
 b - a +0 robe (worn)
 f - a +0 pair of gloves (worn)
Scrolls
 e - a scroll of blinking {unknown}
 g - a scroll of fog {unknown}
 h - a scroll of enchant weapon {unknown}
 i - a scroll of enchant armour {unknown}
 j - a scroll of fear {unknown}
 k - a scroll of identify {unknown}
 l - a scroll of immolation {unknown}
Potions
 c - 20 potions of blood
 d - a potion of brilliance {unknown}


   Skills:
 - Level 2.6 Fighting
 * Level 4.2 Long Blades
 + Level 4.0 Dodging
 + Level 4.3 Stealth


You had 3 spell levels left.
You didn't know any spells.

Dungeon Overview and Level Annotations

Branches:
Dungeon (2/15)

Altars:

Annotations:
D:2 Robin


Innate Abilities, Weirdness & Mutations

You have razor-sharp teeth.
You have supernaturally acute eyesight. (SInv)
You can survive without breathing.


Message History

The goblin shouts!
You hit the goblin but do no damage.
The goblin is severely wounded.
You hear a shout!
The goblin misses you.
You riposte.
You closely miss the goblin.
The goblin is severely wounded.
Robin roars a battlecry!
The goblins go into a battle-frenzy!
The frilled lizard hisses angrily.
A goblin comes into view. It is wielding a dagger.
The goblin barely misses you. Robin throws the goblin at you!
* * * LOW HITPOINT WARNING * * *
The goblin unwields an uncursed dagger.
The goblin wields a hunting sling.
The goblin shoots a stone.
The stone misses you.
You see here a stone.
The goblin hits you but does no damage. x2
The frilled lizard barely misses you.
Unknown command.
The goblin hits you but does no damage. The frilled lizard bites you.
You die...

l##. #....##.# #.# .#####.##.
#....##..# #.# ......
#..##....###..# ##.#
#..#####.......# #.# #..#
####....# ####.#.## .. ##.##
##...##.######.#.# #.. #..##
...####%.......#.# ##. #.###
..!....##......#.# .##.# #
.#####..>......l@# #.##.# # .#
####.....#gg# #.#..# # #####
#.....#(.#########)#.## #
....###########..#.........#.#
#
###.......w....g..(........#.#
# #
#############.##.........#.#
## ##....(#((.........###.
#####....g.(..............)
##........................##


You could see Robin, 3 goblins and a frilled lizard.

Vanquished Creatures
  An adder (D:2)
  2 oozes (D:1)
  A leopard gecko (D:1)
  4 giant cockroaches
  10 goblins
  10 hobgoblins
  4 jackals (D:1)
  8 kobolds
  A quokka (D:2)
  A ball python (D:1)
  8 bats
  5 frilled lizards
  5 rats
60 creatures vanquished.

Notes
Turn   | Place    | Note
-------+----------+-------------------------------------------
     0 | D:1      | KristoblXynda the Vampire Monk began the quest for the Orb.
     0 | D:1      | Reached XP level 1. HP: 17/17 MP: 1/1
   275 | D:1      | Reached XP level 2. HP: 15/23 MP: 2/2
   779 | D:1      | Reached XP level 3. HP: 20/28 MP: 3/3
  1559 | D:2      | Noticed Robin
  1604 | D:2      | Reached XP level 4. HP: 23/34 MP: 4/4
  1884 | D:2      | Slain by a frilled lizard

Vault maps used:
D:1:      lemuel_arrival_behind_the_door_large, serial_forest,
          infiniplex_forest_end_double, infiniplex_forest_lined_3,
          infiniplex_forest_straight_3, infiniplex_forest_lined_2,
          infiniplex_forest_clump_C, infiniplex_forest_lined_2,
          infiniplex_forest_straight_4, infiniplex_forest_lined_room_3,
          infiniplex_forest_lined_room_2, serial_bayou_ford_a
D:2:      glass_columns_a, uniq_robin

Skill      XL: |  1  2  3  4 |
---------------+-------------+-----
Stealth        | 4 |  4.3
Long Blades    | 4 |  4.2
Dodging        | 4 |  4.0
Fighting       | |  2.6

Action                   |  1- 3 |  4- 6 || total
-------------------------+-------+-------++-------
Melee: Falchion          |   121 |    31 ||   152
       Bite              |    17 |     1 ||    18
  Use: Potion            |     2 |     1 ||     3
 Stab: Sleeping          |     6 |     2 ||     8
       Distracted        |     1 |       ||     1
Armor: Robe              |    23 |     2 ||    25
Dodge: Dodged            |   108 |    20 ||   128
       Rpst.: Falchion   |    29 |    10 ||    39

Table legend:
 A = Spawn XP
 B = Non-spawn XP
 C = Spawn XP percentage of total XP
 D = Spawn monster count
 E = Non-spawn monster count
 F = Spawn count percentage of total count
 G = Total turns spent on level
                    A         B        C        D         E        F      G
               +---------+---------+-------+---------+---------+-------+---------
         Total |       0 |     126 |   0.0 |       0 |      60 |   0.0 |  1884
               +---------+---------+-------+---------+---------+-------+---------
           D:1 |       0 |      71 |   0.0 |       0 |      36 |   0.0 |  1346
           D:2 |       0 |      55 |   0.0 |       0 |      24 |   0.0 |   538
               +---------+---------+-------+---------+---------+-------+---------
